TOP OF THE 1ST |
St Charles Sheens batting - Pitching for Seattle Pikes : LHP Albert Lebel
|
Pitching: LHP Albert Lebel
|
|
Batting: RHB Alfredo Rivera
|
0-0: Swinging Strike 0-1: Ball 1-1: Foul Ball, location: 2F 1-2: Strikes out looking
|
Batting: RHB Max Rash
|
0-0: Called Strike 0-1: Foul Ball, location: 2F 0-2: Foul Ball, location: 2F 0-2: Strikes out swinging
|
Batting: LHB Bob Ware
|
0-0: Called Strike 0-1: Ball 1-1: Fly out, F7 (Line Drive, 78M)
|
Top of the 1st over - 0 run(s), 0 hit(s), 0 error(s), 0 left on base; St Charles 0 - Seattle 0 |
BOTTOM OF THE 1ST |
Seattle Pikes batting - Pitching for St Charles Sheens : RHP Bob Moss
|
Pitching: RHP Bob Moss
|
|
Batting: RHB Randy Sheppard
|
0-0: Called Strike 0-1: Ball 1-1: Bunt for hit - play at first, batter OUT! 3-4
|
Batting: RHB John Anderson
|
0-0: Ball 1-0: Fly out, F8 (Flyball, 8RM)
|
Batting: RHB António Ortega
|
0-0: Foul Ball, location: 2F 0-1: Ball 1-1: Ball 2-1: Foul Ball, location: 2F 2-2: SINGLE (Flyball, 9LS)
|
Batting: RHB Manuel Rico
|
0-0: Foul Ball, location: 2F 0-1: Called Strike 0-2: Fielders Choice at 2nd, 5-4 (Groundball, 56)
|
Bottom of the 1st over - 0 run(s), 1 hit(s), 0 error(s), 0 left on base; St Charles 0 - Seattle 0 |
TOP OF THE 2ND |
St Charles Sheens batting - Pitching for Seattle Pikes : LHP Albert Lebel
|
Batting: RHB Kel Pierce
|
0-0: Ball 1-0: Swinging Strike 1-1: Called Strike 1-2: Foul Ball, location: 2F 1-2: Ball 2-2: Strikes out swinging
|
Batting: RHB Judson Backstrom
|
0-0: Foul Ball, location: 2F 0-1: Ball 1-1: Foul Ball, location: 2F 1-2: Foul Ball, location: 2F 1-2: Ball 2-2: Foul Ball, location: 2F 2-2: Foul Ball, location: 2F 2-2: SINGLE (Line Drive, 34D)
|
Batting: SHB Richard Bowman
|
0-0: Ball 1-0: Called Strike 1-1: Called Strike 1-2: Strikes out swinging
|
Batting: RHB Júlio Hernández
|
0-0: Ground out U3 (Groundball, 3)
|
Top of the 2nd over - 0 run(s), 1 hit(s), 0 error(s), 1 left on base; St Charles 0 - Seattle 0 |
BOTTOM OF THE 2ND |
Seattle Pikes batting - Pitching for St Charles Sheens : RHP Bob Moss
|
Batting: LHB Eduardo Gómez
|
0-0: Called Strike 0-1: Foul Ball, location: 2F 0-2: Ball 1-2: SINGLE (Groundball, 34)
|
Batting: SHB Jong-min Kim
|
0-0: Called Strike 0-1: Grounds into double play, 5-4-3 (Groundball, 5)
|
Batting: LHB Bruno Lalonde
|
0-0: Ball 1-0: Called Strike 1-1: Ball 2-1: Ball 3-1: Base on Balls
|
Batting: LHB Javier Escobedo
|
0-0: Ball Bruno Lalonde steals 2nd base 1-0: Ball 2-0: Called Strike 2-1: Ground out 3-1 (Groundball, 34S)
|
Bottom of the 2nd over - 0 run(s), 1 hit(s), 0 error(s), 1 left on base; St Charles 0 - Seattle 0 |
TOP OF THE 3RD |
St Charles Sheens batting - Pitching for Seattle Pikes : LHP Albert Lebel
|
Batting: LHB Katsumi Morishita
|
0-0: Ball 1-0: Called Strike 1-1: Foul Ball, location: 2F 1-2: Ground out 1-3 (Groundball, 23)
|
Batting: RHB Guo-xiu Choi
|
0-0: Ball 1-0: Foul Ball, location: 2F 1-1: Ball 2-1: Foul Ball, location: 2F 2-2: Strikes out looking
|
Batting: RHB Alfredo Rivera
|
0-0: Foul Ball, location: 2F 0-1: Foul Ball, location: 2F 0-2: SINGLE (Line Drive, 7LS)
|
Batting: RHB Max Rash
|
0-0: Ball 1-0: Swinging Strike 1-1: Called Strike 1-2: Ground out 5-3 (Groundball, 56)
|
Top of the 3rd over - 0 run(s), 1 hit(s), 0 error(s), 1 left on base; St Charles 0 - Seattle 0 |
BOTTOM OF THE 3RD |
Seattle Pikes batting - Pitching for St Charles Sheens : RHP Bob Moss
|
Batting: RHB George Howard
|
0-0: Swinging Strike 0-1: Swinging Strike 0-2: Ball 1-2: Foul Ball, location: 2F 1-2: Strikes out swinging
|
Batting: RHB Randy Sheppard
|
0-0: Ball 1-0: Ground out 6-3 (Groundball, 6)
|
Batting: RHB John Anderson
|
0-0: Called Strike 0-1: Fly out, F4 (Popup, 4)
|
Bottom of the 3rd over - 0 run(s), 0 hit(s), 0 error(s), 0 left on base; St Charles 0 - Seattle 0 |
TOP OF THE 4TH |
St Charles Sheens batting - Pitching for Seattle Pikes : LHP Albert Lebel
|
Batting: LHB Bob Ware
|
0-0: Called Strike 0-1: Ball 1-1: Foul Ball, location: 2F 1-2: Ball 2-2: Foul Ball, location: 2F 2-2: Foul Ball, location: 2F 2-2: Strikes out looking
|
Batting: RHB Kel Pierce
|
0-0: Ball 1-0: Called Strike 1-1: Swinging Strike 1-2: Ball 2-2: Strikes out swinging
|
Batting: RHB Judson Backstrom
|
0-0: Called Strike 0-1: Called Strike 0-2: Ball 1-2: Foul Ball, location: 2F 1-2: Ball 2-2: Strikes out looking
|
Top of the 4th over - 0 run(s), 0 hit(s), 0 error(s), 0 left on base; St Charles 0 - Seattle 0 |
BOTTOM OF THE 4TH |
Seattle Pikes batting - Pitching for St Charles Sheens : RHP Bob Moss
|
Batting: RHB António Ortega
|
0-0: Called Strike 0-1: SINGLE (Groundball, 6D)
|
Batting: RHB Manuel Rico
|
0-0: Ball 1-0: Ball 2-0: Ball 3-0: Called Strike 3-1: Fly out, F8 (Flyball, 8RD)
|
Batting: LHB Eduardo Gómez
|
0-0: Called Strike 0-1: Ball 1-1: Swinging Strike 1-2: Strikes out swinging
|
Batting: SHB Jong-min Kim
|
0-0: Ball 1-0: Ball 2-0: Ball 3-0: Foul Ball, location: 2F 3-1: Base on Balls António Ortega to second
|
Batting: LHB Bruno Lalonde
|
0-0: Called Strike 0-1: Fly out, F7 (Flyball, 7S)
|
Bottom of the 4th over - 0 run(s), 1 hit(s), 0 error(s), 2 left on base; St Charles 0 - Seattle 0 |
TOP OF THE 5TH |
St Charles Sheens batting - Pitching for Seattle Pikes : LHP Albert Lebel
|
Batting: SHB Richard Bowman
|
0-0: Called Strike 0-1: Swinging Strike 0-2: Strikes out swinging
|
Batting: RHB Júlio Hernández
|
0-0: Ground out 5-3 (Groundball, 56)
|
Batting: LHB Katsumi Morishita
|
0-0: Called Strike 0-1: Called Strike 0-2: Foul Ball, location: 2F 0-2: Foul Ball, location: 2F 0-2: Strikes out swinging
|
Top of the 5th over - 0 run(s), 0 hit(s), 0 error(s), 0 left on base; St Charles 0 - Seattle 0 |
BOTTOM OF THE 5TH |
Seattle Pikes batting - Pitching for St Charles Sheens : RHP Bob Moss
|
Batting: LHB Javier Escobedo
|
0-0: Ball 1-0: Ball 2-0: Called Strike 2-1: Foul Ball, location: 2F 2-2: Ball 3-2: Base on Balls
|
Batting: RHB George Howard
|
0-0: Ball Javier Escobedo steals 2nd base 1-0: Ball 2-0: Ball 3-0: Base on Balls
|
Batting: RHB Randy Sheppard
|
0-0: Ball 1-0: Fly out, F8 (Line Drive, 8LXD) Runner from 2nd tags up, SAFE at 3rd, no throw
|
Batting: RHB John Anderson
|
0-0: Ball 1-0: Called Strike 1-1: Foul Ball, location: 2F 1-2: Fly out, F4 (Line Drive, 34)
|
Batting: RHB António Ortega
|
0-0: Swinging Strike 0-1: Called Strike 0-2: Ball 1-2: Strikes out swinging
|
Bottom of the 5th over - 0 run(s), 0 hit(s), 0 error(s), 2 left on base; St Charles 0 - Seattle 0 |
TOP OF THE 6TH |
St Charles Sheens batting - Pitching for Seattle Pikes : LHP Albert Lebel
|
Batting: RHB Guo-xiu Choi
|
0-0: Ball 1-0: Called Strike 1-1: Called Strike 1-2: Strikes out swinging
|
Batting: RHB Alfredo Rivera
|
0-0: Fly out, F8 (Flyball, 8RD)
|
Batting: RHB Max Rash
|
0-0: Ball 1-0: Foul Ball, location: 2F 1-1: Fly out, F9 (Line Drive, 9M)
|
Top of the 6th over - 0 run(s), 0 hit(s), 0 error(s), 0 left on base; St Charles 0 - Seattle 0 |
BOTTOM OF THE 6TH |
Seattle Pikes batting - Pitching for St Charles Sheens : RHP Bob Moss
|
Batting: RHB Manuel Rico
|
0-0: Ball 1-0: Foul Ball, location: 2F 1-1: Called Strike 1-2: Foul Ball, location: 2F 1-2: Strikes out swinging
|
Batting: LHB Eduardo Gómez
|
0-0: Ball 1-0: Swinging Strike 1-1: Called Strike 1-2: Strikes out swinging
|
Batting: SHB Jong-min Kim
|
0-0: Ball 1-0: Ball 2-0: Ground out 6-3 (Groundball, 6M)
|
Bottom of the 6th over - 0 run(s), 0 hit(s), 0 error(s), 0 left on base; St Charles 0 - Seattle 0 |
TOP OF THE 7TH |
St Charles Sheens batting - Pitching for Seattle Pikes : LHP Albert Lebel
|
Batting: LHB Bob Ware
|
0-0: Foul Ball, location: 2F 0-1: Foul Ball, location: 2F 0-2: Ball 1-2: Foul Ball, location: 2F 1-2: Ball 2-2: Strikes out swinging
|
Batting: RHB Kel Pierce
|
0-0: Called Strike 0-1: Ground out 4-3 (Groundball, 4M)
|
Batting: RHB Judson Backstrom
|
0-0: Ball 1-0: SINGLE (Line Drive, 34)
|
Pinch Runner at 1st Marcos Cantú:
|
|
Pinch Hitting: LHB Jeff Carter
|
0-0: Called Strike Marcos Cantú steals 2nd base 0-1: Called Strike 0-2: Strikes out looking
|
Top of the 7th over - 0 run(s), 1 hit(s), 0 error(s), 1 left on base; St Charles 0 - Seattle 0 |
BOTTOM OF THE 7TH |
Seattle Pikes batting - Pitching for St Charles Sheens : RHP Bob Moss
|
Now at SS: Jeff Carter
|
|
Batting: LHB Bruno Lalonde
|
0-0: Called Strike 0-1: Ball 1-1: Ball 2-1: Foul Ball, location: 2F 2-2: Ball 3-2: Foul Ball, location: 2F 3-2: Ground out 6-3 (Groundball, 6)
|
Batting: LHB Javier Escobedo
|
0-0: Foul Ball, location: 2F 0-1: Called Strike 0-2: Ball 1-2: Ball 2-2: Ball 3-2: Foul Ball, location: 2F 3-2: Strikes out swinging
|
Batting: RHB George Howard
|
0-0: Ball 1-0: Ground out 6-3 (Groundball, 6)
|
Bottom of the 7th over - 0 run(s), 0 hit(s), 0 error(s), 0 left on base; St Charles 0 - Seattle 0 |
TOP OF THE 8TH |
St Charles Sheens batting - Pitching for Seattle Pikes : LHP Albert Lebel
|
Pitching: RHP Ernesto Beltrán
|
|
Batting: RHB Júlio Hernández
|
0-0: Ball 1-0: Ball 2-0: Fly out, F9 (Line Drive, 9M)
|
Pitching: LHP Joey Smith
|
|
Batting: LHB Katsumi Morishita
|
0-0: Swinging Strike 0-1: Ball 1-1: Foul Ball, location: 2F 1-2: Foul Ball, location: 2F 1-2: Ball 2-2: Foul Ball, location: 2F 2-2: Fly out, F7 (Flyball, 78XD)
|
Pitching: RHP Gilberto Barrera
|
|
Pinch Hitting: LHB Gene Cooper
|
0-0: Called Strike 0-1: Ball 1-1: Ball 2-1: Ball 3-1: Foul Ball, location: 2F 3-2: Foul Ball, location: 2F 3-2: Foul Ball, location: 2F 3-2: Ground out 1-3 (Groundball, 25)
|
Top of the 8th over - 0 run(s), 0 hit(s), 0 error(s), 0 left on base; St Charles 0 - Seattle 0 |
BOTTOM OF THE 8TH |
Seattle Pikes batting - Pitching for St Charles Sheens : RHP Bob Moss
|
Now in LF: Gene Cooper
|
|
Batting: RHB Randy Sheppard
|
0-0: Called Strike 0-1: Foul Ball, location: 2F 0-2: Ball 1-2: Foul Ball, location: 2F 1-2: Ground out 5-3 (Groundball, 56)
|
Batting: RHB John Anderson
|
Reached via error on a dropped throw, E3
|
Pitching: LHP Shan Liu
|
|
Batting: RHB António Ortega
|
0-0: Called Strike 0-1: Called Strike 0-2: 2-RUN HOME RUN (Flyball, 78XD), Distance : 448 ft
|
Batting: RHB Manuel Rico
|
0-0: Called Strike 0-1: Foul Ball, location: 2F 0-2: Ground out 5-3 (Groundball, 5)
|
Batting: LHB Eduardo Gómez
|
0-0: Ball 1-0: Foul Ball, location: 2F 1-1: Fly out, F7 (Flyball, 78M)
|
Bottom of the 8th over - 2 run(s), 1 hit(s), 1 error(s), 0 left on base; St Charles 0 - Seattle 2 |
TOP OF THE 9TH |
St Charles Sheens batting - Pitching for Seattle Pikes : RHP Gilberto Barrera
|
Pitching: RHP José Salinas
|
|
Batting: RHB Alfredo Rivera
|
0-0: Called Strike 0-1: Swinging Strike 0-2: Ball 1-2: Ball 2-2: Strikes out swinging
|
Batting: RHB Max Rash
|
0-0: Ball 1-0: Called Strike 1-1: Ball 2-1: Foul Ball, location: 2F 2-2: Foul Ball, location: 2F 2-2: Ball 3-2: Foul Ball, location: 2F 3-2: Ground out 1-3 (Groundball, 13S)
|
Batting: LHB Bob Ware
|
0-0: Ball 1-0: Called Strike 1-1: Foul Ball, location: 2F 1-2: Foul Ball, location: 2F 1-2: Fly out, F8 (Flyball, 8LD)
|
Top of the 9th over - 0 run(s), 0 hit(s), 0 error(s), 0 left on base; St Charles 0 - Seattle 2 |
|